 Dungeon Crawl Stone Soup version 0.25-a0-464-g3004169c2b (webtiles) character file.

Game seed: 5762182903159976008, levelgen mode: deterministic

566 Elellon the Magician (level 7, 0/36 HPs)
             Began as a Deep Elf Conjurer on Feb 5, 2020.
             Slain by Edmund
             ... wielding a +2 flail of protection
              (6 damage)
             ... on level 2 of the Dungeon.
             The game lasted 00:07:40 (3698 turns).

Elellon the Magician (Deep Elf Conjurer)            Turns: 3698, Time: 00:07:40

Health: 0/36       AC:  3    Str:  7    XL:     7   Next: 10%
Magic:  14/20      EV: 13    Int: 25    God:
Gold:   196        SH:  0    Dex: 15    Spells: 18/21 levels left

rFire    . . .     SeeInvis .   d - +3 dagger (venom)
rCold    + . .     Gourm    .   (no shield)
rNeg     . . .     Faith    .   a - +0 robe
rPois    .         Spirit   .   (no helmet)
rElec    .         Reflect  .   m - +0 cloak
rCorr    .         Harm     .   (no gloves)
MR       .....                  (no boots)
Stlth    ++........             k - amulet of magic regeneration
HPRegen  0.12/turn              n - +5 ring of intelligence
MPRegen  0.42/turn              h - ring of protection from cold

@: no status effects
A: no striking features
a: no special abilities


You were on level 2 of the Dungeon.
You were not hungry.

You visited 1 branch of the dungeon, and saw 4 of its levels.

You collected 196 gold pieces.

Inventory:

Hand Weapons
 d - a +3 dagger of venom (weapon)
Armour
 a - a +0 robe (worn)
 m - a +0 cloak (worn)
Jewellery
 h - a ring of protection from cold (right hand)
 k - an amulet of magic regeneration (around neck)
 n - a +5 ring of intelligence (left hand)
Scrolls
 f - a scroll of identify
 g - a scroll of remove curse
Potions
 b - a potion of curing {unknown}
 e - a potion of agility {unknown}
 j - a potion of lignification {unknown}
 l - a potion of brilliance {unknown}
Comestibles
 c - 6 rations


   Skills:
 - Level 2.4 Dodging
 - Level 2.4 Stealth
 + Level 7.6 Spellcasting
 + Level 7.3 Conjurations


You had 18 spell levels left.
You knew the following spells:

 Your Spells              Type           Power        Failure   Level  Hunger
a - Magic Dart            Conj           ####         1%          1    None
b - Searing Ray           Conj           #####.       1%          2    None

Your spell library contained the following spells:

 Spells                   Type           Power        Failure   Level  Hunger
 Dazzling Flash           Conj/Hex       ####..       4%          3    None
 Fulminant Prism          Conj/Hex       ####......   14%         4    ##.....
 Iskenderun's Mystic Bla  Conj/Tloc      ####....     14%         4    ##.....


Dungeon Overview and Level Annotations

Branches:
Dungeon (4/15)
 Temple: D:4-7

Altars:
Ashenzari
Gozag
Zin

Annotations:
D:2 Edmund


Message History

Edmund barely misses you.
The searing ray hits Edmund!
Edmund is severely wounded.
Edmund hits you with a +2 flail of protection.
* * * LOW HITPOINT WARNING * * *
The searing ray hits Edmund!
Edmund is almost dead.
You finish channeling your searing ray.
Edmund hits you but does no damage.
Casting: Searing Ray (safe; 1% risk of failure)
Confirm with . or Enter, or press ? or * to list all spells.
Aiming: Searing Ray (safe; 1% risk of failure)
Press: ? - help, Shift-Dir - straight line, f/p - Edmund
Aim: Edmund, wielding a +2 flail of protection and wearing a +0 ring mail (almost dead)
The searing ray misses Edmund. (Press . to maintain the ray.)
The searing ray misses Edmund.
Edmund misses you.
The searing ray hits Edmund.
Edmund is almost dead.
Edmund hits you with a +2 flail of protection.
You die...

##.### #...##.#.#
##.# #...##.#.# ...#
#.#..#.#.#
############.#..#.#.#
..................#.#
############.#......#
#.##..######
#..........#
####.@####.# ##@##
#^# #..# #.# #..# #.#
#..###.########
##..##.#......#
#..##.#.####.#
##.......# #.#
#..#....# #.#


You could see Edmund.

Vanquished Creatures
  A bullfrog (D:3)
  A scorpion (D:4)
  A howler monkey (D:4)
  3 orc priests (D:3)
  A hound (D:2)
  2 orc wizards (D:3)
  A worker ant (D:4)
  A hound skeleton (D:4)
  6 adders
  4 gnolls (D:3)
  2 worms (D:2)
  3 dart slugs (D:2)
  2 leopard geckos (D:3)
  17 orcs (D:3)
  3 bats
  4 giant cockroaches
  5 goblins
  8 hobgoblins
  3 jackals (D:2)
  A quokka (D:2)
  5 frilled lizards
  5 kobolds
  11 rats
90 creatures vanquished.

Notes
Turn   | Place    | Note
-------+----------+-------------------------------------------
     0 | D:1      | Elellon the Deep Elf Conjurer began the quest for the Orb.
     0 | D:1      | Reached XP level 1. HP: 10/10 MP: 6/6
   227 | D:1      | Reached XP level 2. HP: 15/15 MP: 5/8
   763 | D:2      | Reached skill level 5 in Conjurations
   763 | D:2      | Reached XP level 3. HP: 19/19 MP: 0/10
  1123 | D:2      | Learned a level 2 spell: Searing Ray
  1336 | D:2      | Found a shattered altar of Ashenzari.
  1372 | D:2      | Reached XP level 4. HP: 21/24 MP: 8/12
  1373 | D:2      | Reached skill level 5 in Spellcasting
  2054 | D:3      | Reached XP level 5. HP: 28/28 MP: 9/15
  2278 | D:3      | Found a faded altar of an unknown god.
  2531 | D:3      | Reached XP level 6. HP: 32/32 MP: 10/17
  3288 | D:3      | Found a glowing silver altar of Zin.
  3374 | D:3      | Found an opulent altar of Gozag.
  3583 | D:4      | Reached XP level 7. HP: 32/36 MP: 10/20
  3597 | D:4      | Noticed Edmund
  3623 | D:3      | HP: 1/36 [Edmund/+2 flail of protection (11)]
  3698 | D:2      | Slain by Edmund

Levels and vault maps discovered:
D:1:      scummos_arrival_checkerplants, layout_loops_ring
D:2:      layout_basic, ashenzari_conservatory_becter, first_ration
D:3:      layout_loops_ring, grunt_temple_overflow_gold_and_silver,
          chequers_ecumenical_altar_simple, minmay_misc_feat_enclosed
D:4:      layout_rooms, tgw_trog, uniq_edmund

Skill      XL: |  1  2  3  4  5  6 |
---------------+-------------------+-----
Spellcasting   | 4 5 6 7 |  7.6
Conjurations   | 5 6 7 |  7.3
Dodging        | |  2.4
Stealth        | |  2.4

Action                   |  1- 3 |  4- 6 |  7- 9 || total
-------------------------+-------+-------+-------++-------
 Cast: Magic Dart        |    62 |    85 |     4 ||   151
       Searing Ray       |     3 |    13 |     5 ||    21
  Use: Scroll            |       |     5 |       ||     5
  Eat: Chunk             |     1 |     7 |       ||     8
Armor: Robe              |       |     3 |       ||     3
Dodge: Dodged            |       |    10 |     8 ||    18

Table legend:
 A = Non-vault XP
 B = Vault XP
 C = Vault XP percentage of total XP
 D = Non-vault monster count
 E = Vault monster count
 F = Vault count percentage of total count
                 A         B        C        D         E       F
            +---------+---------+-------+---------+---------+-------
      Total |     809 |       0 |   0.0 |      90 |       0 |   0.0
            +---------+---------+-------+---------+---------+-------
        D:1 |      24 |       0 |   0.0 |      16 |       0 |   0.0
        D:2 |     135 |       0 |   0.0 |      27 |       0 |   0.0
        D:3 |     461 |       0 |   0.0 |      42 |       0 |   0.0
        D:4 |     189 |       0 |   0.0 |       5 |       0 |   0.0
            +---------+---------+-------+---------+---------+-------
